AoeStats
← Kim Yung Lam Ber M'un

Arabia

510320714Analyzed
1v1 RM · 2d ago on Sep 30, 2026· 27m 54s· 2 players
Game mode
Random Map
Map size
Tiny (2 player)
Population
200
Speed
Normal
Resources
Standard
Victory
Conquest
Starting age
Dark Age
Ending age
Imperial Age
RankedLock teamsTeams togetherTeam positionsShared explorationLock speedFull tech treeHidden civsTurbo modeCheats
Victory
Defeat
🇳🇱 Jurchens · Netherlands
1535
+13
🇹🇷 Vietnamese · Türkiye
1476
-13
Kim Yung Lam Ber M'un
6:06 Loom
8:55 Feudal Age
9:31 Double-Bit Axe
14:35 Bloodlines
17:06 Forging
18:20 Wheelbarrow
21:57 Castle Age
20:41 Fletching
20:45 Horse Collar
21:07 Gold Mining
22:56 Bodkin Arrow
Günyüzü
0:49 Loom
9:14 Feudal Age
9:44 Double-Bit Axe
9:39 Horse Collar
18:16 Stone Mining
18:19 Gold Mining
21:17 Castle Age
22:44 Stone Shaft Mining
22:20 Bow Saw
27:07 Padded Archer Armor
Connection lost

Rejoining the realm…

Still unreachable

The connection could not be restored.

Session expired

The server has moved on; the page needs a fresh start.